 Dungeon Crawl Stone Soup version 0.29-a0-643-ga013cefcf8 (webtiles) character file.

Game seed: 10650775737927283579

166 HoaS the Shooter (level 5, -2/30 HPs)
             Began as a Tengu Hunter on June 19, 2022.
             Slain by an elf zombie (5 damage)
             ... in an ossuary.
             The game lasted 00:07:26 (3229 turns).

HoaS the Shooter (Tengu Hunter)                     Turns: 3229, Time: 00:07:27

Health: -2/30      AC:  3    Str: 12    XL:     5   Next: 47%
Magic:  6/6        EV: 18    Int:  9    God:
Gold:   86         SH:  0    Dex: 19    Spells: 4/4 levels left

rFire   . . .      SeeInvis .   a - +1 shortbow
rCold   . . .      Faith    .   (shield currently unavailable)
rNeg    . . .      Spirit   .   b - +0 leather armour
rPois   .          Reflect  .   (helmet restricted)
rElec   .          Harm     .   (no cloak)
rCorr   .          Rampage  .   (no gloves)
Will    .....                   (boots unavailable)
Stlth   ++........              (no amulet)
HPRegen 0.10/turn               h - ring of flight
MPRegen 0.10/turn               m - +4 ring of evasion

@: flying quickly and evasively, quick
A: beak, talons 3, nimble flight
a: no special abilities


You were in an ossuary.
You visited 1 branch of the dungeon, and saw 4 of its levels.
You also visited: Ossuary.

You collected 86 gold pieces.

Inventory:

Hand Weapons
 a - a +1 shortbow (weapon)
Missiles
 n - a throwing net
Armour
 b - a +0 leather armour (worn)
 e - a +0 ring mail
Jewellery
 h - a ring of flight (left hand)
 m - a +4 ring of evasion (right hand)
Scrolls
 c - a scroll of immolation
 g - a scroll of identify
 l - 3 scrolls of teleportation
Potions
 j - a potion of berserk rage
 k - a potion of magic {unknown}


   Skills:
 - Level 2.0 Fighting
 + Level 7.2 Bows
 - Level 2.1 Dodging
 - Level 1.0 Stealth


You had 4 spell levels left.
You didn't know any spells.
Your spell library was empty.

Dungeon Overview and Level Annotations

Branches:
Dungeon (5/15)            Ossuary (1/1)
 Temple: D:4-7

Altars:
Kikubaaqudgha

Annotations:
D:3 Grinder


Innate Abilities, Weirdness & Mutations

You have a beak for a mouth.
You have claws for feet.
Your magical nature lets you fly swiftly and evasively.


Message History

Unknown command.
You feel better.
Shoot: a) +1 shortbow
Press: ? - help, Q - select action, (/) - cycle Shift-Dir - straight line, f/p - elf zombie
Aim: an elf zombie (moderately damaged, 66% to hit)
You shoot an arrow.
The arrow closely misses the elf zombie.
The elf zombie hits you.
Shoot: a) +1 shortbow
Press: ? - help, Q - select action, (/) - cycle Shift-Dir - straight line, f/p - elf zombie
Aim: an elf zombie (moderately damaged, 66% to hit)
You shoot an arrow.
The arrow closely misses the elf zombie.
The elf zombie hits you.
Shoot: a) +1 shortbow
Press: ? - help, Q - select action, (/) - cycle Shift-Dir - straight line, f/p - elf zombie
Aim: an elf zombie (moderately damaged, 66% to hit)
You shoot an arrow.
The arrow closely misses the elf zombie.
The elf zombie hits you.
Shoot: a) +1 shortbow
Press: ? - help, Q - select action, (/) - cycle Shift-Dir - straight line, f/p - elf zombie
Aim: an elf zombie (moderately damaged, 66% to hit)
You shoot an arrow. The arrow hits the elf zombie.
The elf zombie is moderately damaged.
The elf zombie hits you but does no damage.
Shoot: a) +1 shortbow
Press: ? - help, Q - select action, (/) - cycle Shift-Dir - straight line, f/p - elf zombie
Aim: an elf zombie (moderately damaged, 66% to hit)
You shoot an arrow.
The arrow closely misses the elf zombie.
The elf zombie hits you!
* * * LOW HITPOINT WARNING * * *
Shoot: a) +1 shortbow
Press: ? - help, Q - select action, (/) - cycle Shift-Dir - straight line, f/p - elf zombie
Aim: an elf zombie (moderately damaged, 66% to hit)
You shoot an arrow. The arrow hits the elf zombie!
The elf zombie is heavily damaged.
The elf zombie hits you.
You die...

######^.######...#
#.^#....#...#
#.^#..#.#...#
#.####^.####.#...#
#............#...#
#.####.......#...#
#.......#...#
#.......#...#
#.∩.@...#...#
.......Z####...#
####...#Z #...#
#...#.. #...#
##############...#
.................#
......∩∩.........#
##################


You could see an elf zombie and a centaur zombie.

Vanquished Creatures
  A centaur zombie (Ossuary)
  A mummy (Ossuary)
  Robin (D:3)
  A worm (D:2)
  5 dart slugs
  4 ball pythons
  6 endoplasms
  5 giant cockroaches
  15 goblins
  6 hobgoblins
  8 jackals (D:1)
  2 quokkas
  9 bats
  3 frilled lizards
  6 hobgoblin zombies (Ossuary)
  3 kobolds
  9 kobold zombies (Ossuary)
  4 orc zombies (Ossuary)
  7 rats
96 creatures vanquished.

Notes
Turn   | Place    | Note
-------+----------+-------------------------------------------
     0 | D:1      | HoaS the Tengu Hunter began the quest for the Orb.
     0 | D:1      | Reached XP level 1. HP: 12/12 MP: 2/2
   400 | D:1      | Noticed a great orb of eyes
   402 | D:1      | Found a faded altar of an unknown god.
   409 | D:1      | Reached XP level 2. HP: 17/17 MP: 3/3
   409 | D:1      | Noticed an eye of devastation
   409 | D:1      | Noticed a floating eye
   409 | D:1      | Noticed a shining eye
   442 | D:1      | Reached skill level 5 in Bows
   583 | D:1      | Reached XP level 3. HP: 21/21 MP: 4/4
  1252 | D:2      | HP: 1/21 [goblin/+0 dagger of electrocution (14)]
  1780 | D:2      | Reached skill level 6 in Bows
  1817 | D:2      | Reached XP level 4. HP: 26/26 MP: 5/5
  2012 | D:2      | Found an ancient bone altar of Kikubaaqudgha.
  2596 | D:3      | Noticed Robin
  2621 | D:3      | Killed Robin
  2850 | D:3      | Noticed Grinder
  2969 | D:3      | You are sucked into a shaft and drop 2 floors!
  2969 | D:5      | Entered Level 5 of the Dungeon
  3108 | D:5      | Found a sand-covered staircase.
  3116 | Ossuary  | Entered an ossuary
  3149 | Ossuary  | Gained mutation: Your magical nature lets you fly swiftly
                  | and evasively. [Tengu growth]
  3149 | Ossuary  | Reached XP level 5. HP: 30/30 MP: 6/6
  3209 | Ossuary  | Reached skill level 7 in Bows
  3229 | Ossuary  | Slain by an elf zombie

Illustrated notes

Levels and vault maps discovered:
D:1:      dpeg_arrival_ternary, layout_basic,
          hellmonk_ecumenical_altar_watching_god, minmay_domino_2
D:2:      layout_basic, basic_altar
D:3:      layout_basic, serial_co_window_serial, co_window_cross_1,
          co_window_paths_a, co_window_paths_a, co_window_paths_b,
          co_window_paths_b, co_window_corner_a, co_window_of_opportunity_a,
          co_window_corner_b, co_window_broadway_a, co_window_unsneaky_path_b,
          co_window_paths_e, glass_columns_a, uniq_ijyb, uniq_robin,
          uniq_grinder
D:5:      layout_gridville, minmay_temple_entry_waves, enter_ossuary_4,
          minmay_manual_monstrance
Ossuary:  ossuary_tomb_1

Skill      XL: |  1  2  3  4  5 |
---------------+----------------+-----
Bows           | 5 6 7 |  7.2
Fighting       | |  2.0
Dodging        | |  2.1
Stealth        | |  1.0

Action                   |  1- 3 |  4- 6 || total
-------------------------+-------+-------++-------
 Fire: Shortbow          |   114 |   130 ||   244
  Use: Scroll            |       |     5 ||     5
       Potion            |       |     1 ||     1
Armor: Leather armour    |    16 |     8 ||    24
Dodge: Dodged            |    63 |    49 ||   112

Table legend: (Time is in decaauts)
 A = Elapsed time spent in this place.
 B = Non-inter-level travel time spent in this place.
 C = Inter-level travel time spent in this place.
 D = Time resting spent in this place.
 E = Time spent auto-exploring this place.
 F = Levels seen in this place.
 G = Mean time per level.
                   A        B        C        D        E       F      G
               +--------+--------+--------+--------+--------+-----+--------+
         Total |   3290 |   3217 |     73 |    964 |   1766 |   5 |  658.0 |
       Dungeon |   3167 |   3094 |     73 |    964 |   1732 |   4 |  791.8 |
       Ossuary |    122 |    122 |      0 |      0 |     34 |   1 |  122.0 |
               +--------+--------+--------+--------+--------+-----+--------+

Top non-repeatable levels by time:
     D:1: 1794 daAuts
     D:2: 746 daAuts
     D:3: 479 daAuts
     D:5: 146 daAuts
 Ossuary: 122 daAuts
